 Dungeon Sprint DCSS version 0.31-a0-564-g3b7de120b3 (webtiles) character file.

Game seed: 18195662071459957292

2604 rocky1 the Martial Artist (level 9, -27/71 HPs)
             Began as a Djinni Shapeshifter on Aug 18, 2023.
             Was an Initiate of Gozag.
             Hit by a large rock thrown by a cyclops (30 damage)
             ... in the Dungeon (Sprint IX: "|||||||||||||||||||||||||||||").
             The game lasted 00:02:01 (833 turns).

rocky1 the Martial Artist (Djinni Shapeshifter)      Turns: 833, Time: 00:02:02

Health: -27/71     AC: 12    Str: 14    XL:     9   Next: 90%
Gold:   504        EV:  7    Int: 15    God:    Gozag SH:  0 Dex: 19

rFire   + +          .
                       - Unarmed
rCold   x . .        (no shield)
rNeg    . . .        m - +0 plate armour
rPois   ∞            (helmet currently unavailable)
rElec   .            (cloak currently unavailable)
rCorr   .            (gloves currently unavailable)
SInv    .            (boots unavailable)
Will    .....        (no amulet) Stlth
                     o - +3 ring of intelligence
HPRegen 0.31/turn    n - +3 ring of dexterity
MPRegen 0.00/turn

%: no teleportation, infuse magic (-28 HP)
@: beast-form, gold aura, on berserk cooldown, flying, slowed, invisible, very
slow
A: beast (slay +4), flying, sickness immunity, fire resistance 2, cold
vulnerability 1, float, innate caster, HP casting, extra vitality 1
a: Begin Untransformation, Renounce Religion, Potion Petition, Call Merchant,
Bribe Branch


You were in the Dungeon.
You worshipped Gozag.
Gozag was pleased with you.
You were a hulking beast.
You visited 1 branch You collected 504 gold pieces.

Inventory:

Armour
 a - a +0 animal skin
 l - a +0 cloak
 m - a +0 plate armour (worn)
Jewellery
 n - a +3 ring of dexterity (right hand)
 o - a +3 ring of intelligence (left hand)
Talismans
 c - a beast talisman (active)
 d - a flux talisman
Wands
 k - a wand of iceblast (10)
Scrolls
 i - 2 scrolls of blinking
Potions
 e - 5 potions of curing
 f - 3 potions of heal wounds
 g - a potion of haste


   Skills:
 * Level 8.9 Fighting
 + Level 5.0 Armour
 + Level 7.9 Dodging
 + Level 1.8 Stealth
 + Level 14.0 Unarmed Combat
 + Level 9.2 Shapeshifting


You knew the following spells:

 Your Spells              Type           Power      Damage    Failure   Level
a - Kiss of Death         Conj/Necr      0%         2d5       100%        1
b - Scorch                Fire           0%         2d5       100%        2
c - Searing Ray           Conj           0%         2d4       100%        2
d - Summon Ice Beast      Ice/Summ       0%         N/A       100%        4
Your spell library was empty.


Dungeon Overview and Level Annotations

Branches:
Dungeon (1/1)

Altars:
Cheibriados
Dithmenos
Elyvilon
Fedhas
Gozag
Hepliaklqana
Makhleb
Nemelex Xobeh
Okawaru
Qazlal
Ru
Trog
Uskayaw
Wu Jian
Xom
Yredelemnul
Zin
The Shining One
Jiyva
Lugonu


Innate Abilities, Weirdness & Mutations

You are a hulking beast.
Your limbs bulge with bestial killing power. (Slay +4)
You are flying.
You are immune to sickness and miasma.
You are immune to poison.
Your flesh is very heat resistant. (rF++)
You are vulnerable to cold. (rC-)
You float through the air rather than walking.
You learn spells naturally, not from books.
Your magical power is your life essence.
You have superior vitality. (+4 MHP)


Message History

The centaur warrior is distracted by your dazzling golden aura.
You punch the centaur warrior!
You kill the centaur warrior!
Your Fighting skill increases to level 8!
Your Armour skill increases to level 4!
Your Unarmed Combat skill increases to level 13!
Your Shapeshifting skill increases to level 9!
You hit the wraith.
The wraith is lightly damaged.
You punch the wraith!
The wraith is heavily damaged.
The wraith hits you but does no damage.
You punch the wraith!
The wraith is severely damaged.
You punch the wraith!
You destroy the wraith!
You barely miss the efreet. You punch the efreet!
The efreet is lightly wounded.
You punch the efreet!
The efreet is moderately wounded.
The efreet hits you with a +2 scimitar of flaming!
* * * LOW HITPOINT WARNING * * *
The efreet burns you.
* * * LOW HITPOINT WARNING * * *
You hit the efreet.
The efreet is heavily wounded.
You hit the efreet.
The efreet is heavily wounded.
The efreet hits you with a +2 scimitar of flaming!
* * * LOW HITPOINT WARNING * * *
You pummel the efreet!!
You kill the efreet!
Your Armour skill increases to level 5!
Your Unarmed Combat skill increases to level 14!
You are no longer berserk.
You are exhausted.
You feel yourself slow down.
The cyclops throws a large rock.
The large rock hits you!!
You die...
Your body crumbles into a pile of gold.

▓+▓
▓.▓
▓.▓
▓C▓
▓.▓
▓°▓
▓h▓
▓$▓
▓.▓
▓.▓
▓.▓
▓.▓
▓.▓
▓.▓
▓[▓


You could see a cyclops (unable to see you).

Vanquished Creatures
  A hydra (D)
  A centaur warrior (D)
  An efreet (D)
  A troll (D)
  A shadow (D)
  A yak (D)
  A wraith (D)
  A basilisk (D)
  A vampire mosquito (D)
  An acid dragon (D)
  An ogre (D)
  An orc priest (D)
  2 adders (D)
  2 orcs (D)
  An endoplasm (D)
  A jackal (D)
  A ball python (D)
  A kobold (D)
  A rat (D)
21 creatures vanquished.

Notes
Turn   | Place    | Note
-------+----------+-------------------------------------------
     0 | D        | rocky1 the Djinni Shapeshifter began the quest for the Orb.
     0 | D        | Reached XP level 1. HP: 17/17 MP: 0/0
    58 | D        | Noticed an ogre
    63 | D        | Reached XP level 2. HP: 15/22 MP: 0/0
    75 | D        | Killed an ogre
    76 | D        | Reached skill level 6 in Unarmed Combat
    76 | D        | Reached skill level 5 in Shapeshifting
    76 | D        | Reached XP level 3. HP: 13/27 MP: 0/0
    76 | D        | Learned a level 1 spell: Kiss of Death
    76 | D        | Reached XP level 4. HP: 15/32 MP: 0/0
    76 | D        | Reached XP level 5. HP: 18/37 MP: 0/0
    76 | D        | Learned a level 2 spell: Scorch
   356 | D        | Found a snail-covered altar of Cheibriados.
   356 | D        | Found a shadowy altar of Dithmenos.
   356 | D        | Found a white marble altar of Elyvilon.
   356 | D        | Found a blossoming altar of Fedhas.
   356 | D        | Found an opulent altar of Gozag.
   357 | D        | Found a hazy altar of Hepliaklqana.
   358 | D        | Found a viscous altar of Jiyva.
   360 | D        | Found a corrupted altar of Lugonu.
   361 | D        | Found a burning altar of Makhleb.
   362 | D        | Found a sparkling altar of Nemelex Xobeh.
   363 | D        | Found an iron altar of Okawaru.
   364 | D        | Found a stormy altar of Qazlal.
   365 | D        | Found a sacrificial altar of Ru.
   367 | D        | Found a bloodstained altar of Trog.
   368 | D        | Found a hide-covered altar of Uskayaw.
   370 | D        | Found an ornate altar of the Wu Jian Council.
   371 | D        | Found a shimmering altar of Xom.
   380 | D        | Became a worshipper of Gozag Ym Sagoz the Greedy
   389 | D        | Found a basalt altar of Yredelemnul.
   390 | D        | Found a glowing silver altar of Zin.
   391 | D        | Found a glowing golden altar of the Shining One.
   535 | D        | Noticed a yak
   535 | D        | Noticed a shadow
   535 | D        | Noticed an acid dragon
   535 | D        | Noticed a troll
   535 | D        | Noticed a vampire mosquito
   538 | D        | Killed a vampire mosquito
   539 | D        | Reached skill level 5 in Dodging
   539 | D        | Reached skill level 7 in Unarmed Combat
   539 | D        | Reached XP level 6. HP: 46/46 MP: 0/0
   542 | D        | Killed a troll
   543 | D        | Reached skill level 5 in Fighting
   543 | D        | Reached skill level 9 in Unarmed Combat
   543 | D        | Reached XP level 7. HP: 54/54 MP: 0/0
   543 | D        | Learned a level 2 spell: Searing Ray
   550 | D        | Killed a shadow
   553 | D        | Killed an acid dragon
   554 | D        | Reached skill level 10 in Unarmed Combat
   554 | D        | Reached XP level 8. HP: 56/61 MP: 0/0
   560 | D        | Killed a yak
   561 | D        | Reached skill level 1 in Stealth
   805 | D        | Noticed a cyclops
   805 | D        | Noticed an efreet
   805 | D        | Noticed a centaur warrior
   805 | D        | Noticed a six-headed hydra
   805 | D        | Noticed a wraith
   805 | D        | Noticed a basilisk
   816 | D        | Killed a six-headed hydra
   817 | D        | Reached skill level 12 in Unarmed Combat
   817 | D        | Reached XP level 9. HP: 27/68 MP: 0/0
   817 | D        | Learned a level 4 spell: Summon Ice Beast
   823 | D        | Killed a centaur warrior
   824 | D        | Reached skill level 13 in Unarmed Combat
   831 | D        | HP: 5/106 [efreet/+2 scimitar of flaming (8)]
   832 | D        | Killed an efreet
   833 | D        | Reached skill level 5 in Armour
   833 | D        | Reached skill level 14 in Unarmed Combat
   833 | D        | Hit by a large rock thrown by a cyclops

Illustrated notes

Levels and vault maps discovered:
D:        linesprint [early_d, line_temple, items_1, d_10, items_2, lair_1,
          lair_end, items_3, orc_1, orc_end, items_4, d_15, swamp_1, shoals_1,
          snake_1, spider_1, d_20, vaults_1, items_5, swamp_end, shoals_end,
          snake_end, spider_end, vaults_end, d_27, items_6, zot_1, zot_end,
          crypt_end, forest_end, elf_end, slime_end, tomb_end, abyss_end,
          pan_hell_end]

Skill      XL: |  1  2  3  4  5  6  7  8  9 |
---------------+----------------------------+-----
Shapeshifting  | 3 5 6 7 8 9 |  9.2
Dodging        | 4 5 6 7 |  7.9
Unarmed Combat | 6 7 9 10 12 14 | 14.0
Fighting       | 3 5 6 7 8 |  8.9
Stealth        | 1 |  1.8
Armour         | 2 5 |  5.0

Action                     |  1- 3 |  4- 6 |  7- 9 || total
---------------------------+-------+-------+-------++-------
  Melee: Unarmed           |    33 |     9 |    39 ||    81
         Punch             |     1 |       |     3 ||     4
    Use: Potion            |       |     1 |     2 ||     3
   Stab: Invisible         |       |       |     1 ||     1
 Armour: Animal skin       |     5 |       |       ||     5
         Skin              |       |     9 |     6 ||    15
         Plate armour      |       |       |     6 ||     6
  Dodge: Dodged            |    12 |     1 |     8 ||    21

Table legend: (Time is in decaauts)
 A = Elapsed time spent in this place.
 B = Non-inter-level travel time spent in this place.
 C = Inter-level travel time spent in this place.
 D = Time resting spent in this place.
 E = Time spent auto-exploring this place.
 F = Levels seen in this place.
 G = Mean time per level.
                   A        B        C        D        E       F      G
               +--------+--------+--------+--------+--------+-----+--------+
         Total |    815 |    815 |      0 |    640 |      0 |   1 |  815.0 |
       Dungeon |    815 |    815 |      0 |    640 |      0 |   1 |  815.0 |
               +--------+--------+--------+--------+--------+-----+--------+

Top non-repeatable levels by time:
       D: 815 daAuts
